 Dungeon Crawl Stone Soup version 0.24.0-13-gcf9b3192b9 (webtiles) character file.

Game seed: 13455566859028368602, levelgen mode: deterministic

113056 zkyp the Severer (level 15, -2/139 HPs)
             Began as a Demigod Artificer on Nov 9, 2019.
             Blown up by an orb spider (39 damage)
             ... with an orb of destruction
             ... on level 2 of the Spider Nest.
             The game lasted 00:49:12 (28838 turns).

zkyp the Severer (Demigod Artificer)               Turns: 28838, Time: 00:49:12

Health: -2/139     AC: 28    Str: 28    XL:     15   Next: 65%
Magic:  20/20      EV: 11    Int: 15    God:
Gold:   2048       SH: 15    Dex: 16    Spells: 14/14 levels left

rFire    . . .     SeeInvis .   a - +6 broad axe (freeze)
rCold    + . .     Gourm    .   R - +2 shield {reflect}
rNeg     . . .     Faith    .   i - +2 plate armour {rC+}
rPois    +         Spirit   .   W - +2 helmet
rElec    .         Reflect  +   E - +2 cloak
rCorr    .         Harm     .   g - +2 pair of gloves {Str+3}
MR       ++...                  q - +0 pair of boots
Stlth    ..........             H - amulet of regeneration
HPRegen  0.73/turn              w - ring of poison resistance
MPRegen  0.17/turn              F - ring of protection from magic

@: lethally poisoned (-2 -> -2)
A: high mp 1, robust 1, MP-powered wands
a: no special abilities


You were on level 2 of the Spider Nest.
You were near starving.

You visited 4 branches of the dungeon, and saw 25 of its levels.
You also visited: Sewer, Ossuary and Gauntlet.

You collected 2445 gold pieces.
You spent 397 gold pieces at shops.

Inventory:

Hand Weapons
 a - a +6 broad axe of freezing (weapon)
 b - a +3 dagger of electrocution
Missiles
 x - 3 throwing nets {=f =F}
 D - 15 javelins (quivered)
Armour
 g - a +2 pair of gloves of strength (worn)
 i - a +2 plate armour of cold resistance (worn)
 q - a +0 pair of boots (worn)
 E - a +2 cloak (worn)
 R - a +2 shield of reflection (worn)
 W - a +2 helmet (worn)
 Z - the +0 cloak "Petenugu" {rPois rC+ Int-5}
   (You found it in a Gauntlet)

   It affects your intelligence (-5).
   It protects you from cold.
   It protects you from poison.
Jewellery
 o - an uncursed ring of see invisible
 w - a ring of poison resistance (left hand)
 F - a ring of protection from magic (right hand)
 H - an amulet of regeneration (around neck)
 O - an uncursed ring of protection from fire
Wands
 c - a wand of flame (17)
 p - a wand of digging (5)
 J - a wand of clouds (8)
 U - a wand of iceblast (20)
 V - a wand of disintegration (14)
 X - a wand of acid (13)
Scrolls
 e - a scroll of brand weapon {unknown}
 j - 7 scrolls of magic mapping
 m - 10 scrolls of teleportation
 r - 10 scrolls of remove curse {@r1}
 u - a scroll of summoning
 A - 7 scrolls of enchant armour
 G - 5 scrolls of fear
 M - 3 scrolls of fog
 N - 3 scrolls of silence {!r}
 T - 7 scrolls of blinking
Potions
 d - 2 potions of brilliance
 h - 5 potions of resistance
 k - 4 potions of curing {@q1}
 l - 3 potions of magic
 n - 6 potions of mutation {!q}
 s - a potion of cancellation
 t - 3 potions of ambrosia
 v - 3 potions of lignification
 B - a potion of invisibility
 C - 6 potions of might
 I - 3 potions of berserk rage {!q}
 K - 4 potions of heal wounds
 L - 7 potions of flight
 S - a potion of agility
 Y - 3 potions of haste
Miscellaneous
 P - a lightning rod (4/4)
 Q - a box of beasts
Comestibles
 f - 26 rations


   Skills:
 - Level 10.3 Fighting
 - Level 6.4 Short Blades
 - Level 18.0 Axes
 - Level 10.0 Armour
 + Level 7.2 Dodging
 - Level 0.8 Stealth
 + Level 9.3 Shields
 - Level 2.6 Evocations


You had 14 spell levels left.
You didn't know any spells.
Your spell library contained the following spells:

 Spells                   Type           Power        Failure   Level  Hunger
 Animate Skeleton         Necr           N/A          99%         1    ##.....
 Apportation              Tloc           #.....       99%         1    ##.....
 Beastly Appendage        Tmut           #.....       99%         1    ##.....
 Confusing Touch          Hex            #.....       99%         1    ##.....
 Corona                   Hex            #......      99%         1    ##.....
 Freeze                   Ice            #...         99%         1    ##.....
 Magic Dart               Conj           #...         99%         1    ##.....
 Summon Butterflies       Summ           #.......     99%         1    ##.....
 Blink                    Tloc           N/A          100%        2    ###....
 Call Imp                 Summ           #.......     100%        2    ###....
 Ensorcelled Hibernation  Hex/Ice        #.....       100%        2    ###....
 Shroud of Golubria       Chrm/Tloc      #.....       100%        2    ###....
 Slow                     Hex            #.......     100%        2    ###....
 Sticks to Snakes         Tmut           #.......     100%        2    ###....
 Sublimation of Blood     Necr           #.........   100%        2    ###....
 Throw Frost              Conj/Ice       #.....       100%        2    ###....
 Confuse                  Hex            #.......     100%        3    ####...
 Conjure Flame            Conj/Fire      #.......     100%        3    ####...
 Dazzling Spray           Conj/Hex       #.....       100%        3    ####...
 Gell's Gravitas          Tloc           #.........   100%        3    ####...
 Ignite Poison            Fire/Tmut/Pois #.......     100%        3    ####...
 Lesser Beckoning         Tloc           #.........   100%        3    ####...
 Mephitic Cloud           Conj/Pois/Air  #.......     100%        3    ####...
 Ozocubu's Armour         Chrm/Ice       #.......     100%        3    ####...
 Spider Form              Tmut/Pois      #.........   100%        3    ####...
 Static Discharge         Conj/Air       #.......     100%        3    ####...
 Tukima's Dance           Hex            #.......     100%        3    ####...
 Ice Form                 Ice/Tmut       #.......     100%        4    #####..
 Petrify                  Tmut/Erth      #.......     100%        4    #####..
 Summon Ice Beast         Ice/Summ       #.......     100%        4    #####..
 Throw Icicle             Conj/Ice       #.......     100%        4    #####..
 Alistair's Intoxication  Tmut/Pois      #.......     100%        5    ######.
 Blade Hands              Tmut           #.........   100%        5    ######.
 Irradiate                Conj/Tmut      #.........   100%        5    ######.
 Lightning Bolt           Conj/Air       #.........   100%        5    ######.
 Metabolic Englaciation   Hex/Ice        #.........   100%        5    ######.
 Yara's Violent Unravell  Hex/Tmut       #.........   100%        5    ######.
 Bolt of Cold             Conj/Ice       #.........   100%        6    #######
 Freezing Cloud           Conj/Ice/Air   #.........   100%        6    #######
 Invisibility             Hex            #.......     100%        6    #######
 Ozocubu's Refrigeration  Ice            #.........   100%        6    #######
 Simulacrum               Ice/Necr       #.........   100%        6    #######
 Ignition                 Fire           #.........   100%        8    #######
 Shatter                  Erth           #.........   100%        9    #######
 Tornado                  Air            #.........   100%        9    #######


Dungeon Overview and Level Annotations

Branches:
Dungeon (15/15)            Temple (0/1) D:7            Lair (6/6) D:8
 Shoals (0/4) Lair:4       Spider (2/4) Lair:3        Slime (0/5) Lair:6
    Orc (2/2) D:11            Elf (0/3) Orc:2        Vaults (0/5) D:13
 Depths (0/5) D:15          Sewer (visited)         Ossuary (visited)
Gauntlet (visited)

Shops:
D:4 :   D:12 *   D:14 *   Orc:1 :   Orc:2 ?[:[(

Annotations:
D:5 2 transporters
D:8 2 transporters
Lair:6 exclusion: 2 oklob plants
Spider:1 Roxanne


Innate Abilities, Weirdness & Mutations

You have an increased reservoir of magic. (+10% MP)
You are robust. (+10% HP)
You expend magic power (3 MP) to strengthen your wands.


Message History

You throw a javelin.
The javelin pierces through the orb spider.
The orb spider is moderately wounded.
You feel sick.
Throwing (i - inventory)
D - 17 javelins (quivered)
Press: ? - help, Shift-Dir - straight line, f/p - orb spider
Aim: an orb spider (moderately wounded, fully charged)
You throw a javelin.
The javelin pierces through the orb spider!
The orb spider is severely wounded.
You feel sick.
The orb spider weaves a glowing orb of energy.
An orb of destruction comes into view.
Throwing (i - inventory)
D - 16 javelins (quivered)
Press: ? - help, Shift-Dir - straight line, f/p - orb spider
Aim: an orb spider (severely wounded)
You throw a javelin.
The javelin closely misses the orb spider.
You feel sick. The orb of destruction hits you!!!
You die...

^........... ..
........(..^
..######..^#.......?.
...#..#...##.....^...
......#...#.((...!...
.....##.....○s...... ..
##......*☼.^...... ...
#.......#☼.....[.. ....
#.......@†........ ....
###.............$..^ ....
#......##..†.......#
#..^###.........$.......%.
#........^.^.............
#........................
##^...............^......
##.......#..<..[.........
#.......##.###.........#.


You could see an orb spider.

Vanquished Creatures
  Jorgrun (D:13)
  Frances (D:12)
  Aizul (Spider:2)
  An emperor scorpion (Spider:1)
  An orc warlord (Orc:2)
  An entropy weaver (Spider:1)
  Nessos (D:14)
  A minotaur (Gauntlet)
  Snorg (D:13)
  Josephine (D:11)
  A catoblepas (Lair:4)
  7 hydras
  3 centaur warriors
  A death knight (D:13)
  2 death yaks
  4 two-headed ogres (D:13)
  Urug (D:11)
  2 tengu warriors (D:13)
  4 orc high priests (Orc:2)
  A fire crab (Gauntlet)
  Nergalle (Orc:1)
  2 skeletal warriors (D:14)
  3 unseen horrors
  An unseen horror (shapeshifter) (D:15)
  2 wizards (D:13)
  3 orc knights
  Pikel (D:7)
  2 necromancers (Gauntlet)
  2 phantasmal warriors (D:13)
  A deep elf mage (D:14)
  A manticore (D:15)
  An orc sorcerer (Orc:1)
  5 orb spiders (Spider:1)
  A glowing shapeshifter (D:15)
  A salamander (shapeshifter) (D:15)
  13 ugly things
  6 wolf spiders
  2 cyclopes
  4 centaur zombies
  5 black mambas
  Maurice (D:12)
  A merfolk siren (Lair:4)
  Psyche (D:9)
  2 torpor snails
  A gargoyle (D:12)
  13 spiny frogs
  3 rime drakes
  7 komodo dragons
  2 efreet (D:15)
  A kobold demonologist (D:13)
  A freezing wraith (D:15)
  4 demonic crawlers (Spider:1)
  6 trolls
  9 jumping spiders
  A queen bee (shapeshifter) (D:15)
  6 hornets
  3 merfolk (Lair:4)
  18 slime creatures
  6 polar bears
  7 hippogriffs
  11 blink frogs
  8 dream sheep
  27 redbacks
  A tarantella (shapeshifter) (D:15)
  4 water elementals (D:13)
  8 wraiths
  9 tarantellas
  A vampire (D:12)
  4 wyverns
  42 yaks
  13 spriggans (Lair:6)
  2 basilisks
  4 fire bats (Gauntlet)
  Menkaure (D:5)
  3 hungry ghosts
  Edmund (D:6)
  3 wargs
  A swamp worm (shapeshifter) (D:15)
  A hell hound (Gauntlet)
  2 soldier ants
  7 water moccasins
  3 acid dragons
  9 porcupines
  Duvessa (D:7)
  31 orc warriors
  A black bear (shapeshifter) (D:15)
  An eye of draining (D:15)
  3 ice beasts
  5 sky beasts
  2 necrophages
  5 black bears
  2 hornet zombies (D:11)
  3 phantoms
  37 wolves
  7 boggarts
  8 ogres
  7 centaurs
  11 crocodiles
  2 elf zombies
  3 big kobolds
  Blork the orc (D:6)
  14 bullfrogs
  2 earth elementals (D:12)
  A wyvern skeleton (D:8)
  3 scorpions
  Dowan (D:7)
  5 wights (D:8)
  5 howler monkeys
  8 electric eels
  A bullfrog zombie (D:9)
  7 crimson imps
  6 human zombies (D:9)
  12 hounds
  2 bullfrog skeletons
  7 centaur skeletons
  16 orc priests
  3 jellies (D:8)
  36 orc wizards
  2 iguanas
  8 worker ants
  A hound skeleton (D:7)
  4 mummies
  A howler monkey zombie (D:6)
  17 adders
  11 gnolls
  3 howler monkey skeletons (D:11)
  A river rat (Sewer)
  5 shadow imps
  5 oozes (D:8)
  3 adder zombies
  2 adder skeletons (D:4)
  6 worms
  4 leopard geckos
  104 orcs
  4 giant cockroaches
  13 goblins
  2 hobgoblins
  11 jackals
  6 quokkas
  A ball python (D:1)
  7 bats
  4 frilled lizards
  2 goblin zombies (Ossuary)
  3 hobgoblin zombies (Ossuary)
  A jackal zombie (D:4)
  17 kobolds
  5 kobold zombies (Ossuary)
  A leopard gecko skeleton (D:9)
  4 quokka zombies (Ossuary)
  13 rats
  A rat zombie (Ossuary)
  3 fungi
  A plant (Lair:6)
  A withered plant (Gauntlet)
887 creatures vanquished.

Vanquished Creatures (collateral kills)
  A spriggan (Lair:6)
  Robin (D:2)
  A goblin (D:2)
3 creatures vanquished.

Vanquished Creatures (others)
  A centaur warrior (D:14)
  A jumping spider (Spider:1)
  A water moccasin (Lair:6)
  A redback (Spider:1)
  A boggart (D:15)
  A centaur (D:15)
  A bullfrog (D:8)
  A gnoll (Orc:1)
  2 goblins (D:2)
  A jackal (D:11)
  7 demonic plants (Gauntlet)
  8 fungi
  12 plants
  19 withered plants (Gauntlet)
57 creatures vanquished.

Grand Total: 947 creatures vanquished

Notes
Turn   | Place    | Note
-------+----------+-------------------------------------------
     0 | D:1      | zkyp the Demigod Artificer began the quest for the Orb.
     0 | D:1      | Reached XP level 1. HP: 15/15 MP: 5/5
    64 | D:1      | Reached skill level 1 in Fighting
   299 | D:1      | Reached XP level 2. HP: 23/24 MP: 6/6
   311 | D:1      | Found a shattered altar of Ashenzari.
   572 | D:2      | Reached XP level 3. HP: 16/30 MP: 7/7
  1162 | D:2      | Found an iron altar of Okawaru.
  1163 | D:2      | Found a shimmering blue altar of Sif Muna.
  1199 | D:2      | Found a snail-covered altar of Cheibriados.
  1457 | D:2      | Reached XP level 4. HP: 33/40 MP: 8/8
  1736 | D:2      | Noticed Robin
  2090 | D:2      | Killed Robin
  2512 | D:3      | Reached XP level 5. HP: 37/47 MP: 9/9
  2526 | D:3      | Reached skill level 5 in Fighting
  3208 | D:3      | Found a shadowy altar of Dithmenos.
  3613 | D:3      | Found a burning altar of Makhleb.
  3664 | D:4      | Reached XP level 6. HP: 56/57 MP: 10/10
  3728 | D:4      | Found Fyigilyt's Book Boutique.
  4212 | D:4      | Found a glowing golden altar of the Shining One.
  4558 | D:5      | Entered Level 5 of the Dungeon
  4764 | D:5      | Found a transporter.
  4974 | D:5      | Reached XP level 7. HP: 66/66 MP: 11/11
  5085 | D:5      | Noticed Menkaure
  5087 | D:5      | Killed Menkaure
  5098 | D:5      | Found a glowing drain.
  5107 | Sewer    | Entered a sewer
  5114 | Sewer    | Reached skill level 1 in Short Blades
  5317 | Sewer    | Found a glowing silver altar of Zin.
  5379 | D:5      | Found a transporter.
  5576 | D:6      | Noticed Edmund
  5585 | D:6      | Killed Edmund
  5708 | D:6      | Noticed Blork the orc
  5722 | D:6      | Killed Blork the orc
  5872 | D:6      | Reached XP level 8. HP: 55/74 MP: 13/13
  5895 | D:6      | Reached skill level 5 in Short Blades
  6576 | D:7      | Found a staircase to the Ecumenical Temple.
  6588 | D:7      | Reached skill level 1 in Armour
  6637 | D:7      | Found a radiant altar of Vehumet.
  6823 | D:7      | Noticed Duvessa
  6823 | D:7      | Noticed Dowan
  6855 | D:7      | Killed Dowan
  6857 | D:7      | Killed Duvessa
  7012 | D:7      | Noticed a hippogriff
  7020 | D:7      | Killed a hippogriff
  7145 | D:7      | Reached skill level 5 in Armour
  7145 | D:7      | Reached XP level 9. HP: 72/80 MP: 14/14
  7316 | D:7      | Noticed Pikel
  7345 | D:7      | Killed Pikel
  7660 | D:8      | Found a sand-covered staircase.
  7665 | Ossuary  | Entered an ossuary
  7799 | Ossuary  | Reached skill level 1 in Axes
  7956 | D:8      | Reached skill level 2 in Axes
  8030 | D:8      | Found a hazy altar of Hepliaklqana.
  8151 | D:8      | Found a staircase to the Lair.
  8182 | D:8      | Reached skill level 3 in Axes
  8291 | D:8      | Noticed a great orb of eyes
  8342 | D:8      | Found a transporter.
  8366 | D:8      | Found a transporter.
  8379 | D:8      | Reached skill level 4 in Axes
  8818 | D:9      | Reached XP level 10. HP: 74/88 MP: 15/15
  8821 | D:9      | Reached skill level 5 in Axes
  8858 | D:9      | Noticed Psyche
  8868 | D:9      | Killed Psyche
  8868 | D:9      | Reached skill level 6 in Axes
  9069 | D:9      | Reached skill level 7 in Axes
  9308 | D:9      | Reached skill level 8 in Axes
  9797 | D:9      | Found a basalt altar of Yredelemnul.
 10132 | Lair:1   | Entered Level 1 of the Lair of Beasts
 10264 | Lair:1   | Reached skill level 5 in Dodging
 10427 | Lair:1   | Reached XP level 11. HP: 36/93 MP: 16/16
 10470 | Lair:1   | Reached skill level 9 in Axes
 11686 | Lair:2   | Reached skill level 10 in Axes
 12031 | Lair:2   | Identified a scroll of acquirement
 12129 | Lair:3   | Reached skill level 11 in Axes
 12462 | Lair:3   | Found a hole to the Spider Nest.
 13239 | Lair:4   | Reached skill level 12 in Axes
 13271 | Lair:4   | Noticed a seven-headed hydra
 13305 | Lair:4   | Killed a seven-headed hydra
 13520 | Lair:4   | Reached XP level 12. HP: 101/101 MP: 17/17
 13685 | Lair:4   | Reached skill level 13 in Axes
 14027 | Lair:4   | Found a staircase to the Shoals.
 14388 | Lair:4   | Noticed a catoblepas
 14516 | Lair:4   | Killed a catoblepas
 14705 | Lair:5   | Noticed an eight-headed hydra
 14790 | Lair:5   | Reached skill level 14 in Axes
 15035 | Lair:5   | Noticed a six-headed hydra
 15065 | Lair:5   | Killed a six-headed hydra
 15269 | Lair:4   | Killed an eight-headed hydra
 15481 | Lair:5   | Noticed a four-headed hydra
 15498 | Lair:5   | Killed a four-headed hydra
 15911 | Lair:6   | Entered Level 6 of the Lair of Beasts
 15915 | Lair:6   | Noticed a four-headed hydra
 16108 | Lair:6   | Reached skill level 15 in Axes
 16129 | Lair:6   | Got a scorched leather armour
 16294 | Lair:6   | Found a staircase to the Slime Pits.
 16539 | Lair:6   | Reached XP level 13. HP: 81/107 MP: 18/18
 17101 | Lair:6   | Got a polished war axe
 17585 | Lair:6   | Got a distressingly furry scale mail
 17600 | Lair:6   | Identified the +1 scale mail "Dagg" {Dex+3} (You found it
                  | on level 6 of the Lair of Beasts)
 17610 | Lair:6   | Identified the +4 leather armour of Noon {Str-2 Int+7
                  | Dex+9} (You found it on level 6 of the Lair of Beasts)
 17620 | Lair:6   | Identified the +7 war axe of Beogh's Condemnation {venom,
                  | Str+4} (You found it on level 6 of the Lair of Beasts)
 18139 | D:10     | Entered Level 10 of the Dungeon
 18895 | D:11     | Noticed Urug
 18914 | D:11     | Killed Urug
 19105 | D:11     | Reached skill level 10 in Armour
 19652 | D:11     | Reached skill level 1 in Shields
 19667 | D:11     | Noticed Josephine
 19681 | D:11     | Killed Josephine
 20143 | D:11     | Found a staircase to the Orcish Mines.
 20320 | Orc:1    | Entered Level 1 of the Orcish Mines
 20320 | Orc:1    | Found a burning altar of Makhleb.
 20469 | Orc:1    | Noticed Nergalle
 20471 | Orc:1    | Found Pibloel's Book Boutique.
 20475 | Orc:1    | Killed Nergalle
 20714 | Orc:2    | Entered Level 2 of the Orcish Mines
 20887 | Orc:2    | Found Fuadim's Magic Scroll Shoppe.
 20895 | Orc:2    | Bought a scroll of blinking for 97 gold pieces
 20895 | Orc:2    | Bought a scroll of silence for 97 gold pieces
 20930 | Orc:2    | Found a roughly hewn altar of Beogh.
 20931 | Orc:2    | Found Vuufiev's Book Boutique.
 20946 | Orc:2    | Reached skill level 5 in Shields
 21104 | Orc:2    | Found a roughly hewn altar of Beogh.
 21149 | Orc:2    | Found a roughly hewn altar of Beogh.
 21149 | Orc:2    | Found Hualaas's Armour Boutique.
 21282 | Orc:2    | Found a roughly hewn altar of Beogh.
 21412 | Orc:2    | Found a roughly hewn altar of Beogh.
 21461 | Orc:2    | Found a staircase to the Elven Halls.
 21765 | Orc:2    | Noticed an orc warlord
 21789 | Orc:2    | Killed an orc warlord
 22089 | Orc:2    | Reached XP level 14. HP: 119/119 MP: 19/19
 22168 | Orc:2    | Gained mutation: Armour fits poorly on your strangely
                  | shaped body. [a neqoxec]
 22201 | Orc:2    | Found Zameituv's Antique Weapon Shoppe.
 22202 | Orc:2    | Found a roughly hewn altar of Beogh.
 22205 | Orc:2    | Found Luzav's Antique Armour Emporium.
 22216 | Orc:2    | Bought a runed broad axe for 203 gold pieces
 22847 | D:12     | Noticed Maurice
 22853 | D:12     | Killed Maurice
 22937 | D:12     | Found Vac Tal's Pet Rocks.
 23066 | D:12     | Noticed Frances
 23077 | D:12     | Killed Frances
 23384 | D:13     | Found a gate leading to a gauntlet.
 23411 | Gauntlet | Entered a Gauntlet
 23411 | Gauntlet | Found a transporter.
 23423 | Gauntlet | Found a transporter.
 23435 | Gauntlet | Found a transporter.
 23440 | Gauntlet | Found a transporter.
 23444 | Gauntlet | Noticed a balrug
 23455 | Gauntlet | Found a transporter.
 23474 | Gauntlet | Found a transporter.
 23486 | Gauntlet | Found a transporter.
 23498 | Gauntlet | Found a transporter.
 23506 | Gauntlet | Found a large runed translucent door.
 23507 | Gauntlet | Found a large runed translucent door.
 23508 | Gauntlet | Found a large runed translucent door.
 23508 | Gauntlet | Found a large runed translucent door.
 23509 | Gauntlet | Found a runed translucent gate.
 23510 | Gauntlet | Found a transporter.
 23510 | Gauntlet | Found a runed translucent gate.
 23510 | Gauntlet | Noticed a reaper
 23511 | Gauntlet | Found a runed translucent gate.
 23512 | Gauntlet | Found a large runed translucent door.
 23512 | Gauntlet | Found a large runed translucent door.
 23513 | Gauntlet | Found a large runed translucent door.
 23514 | Gauntlet | Found a large runed translucent door.
 23522 | Gauntlet | Found a transporter.
 23541 | Gauntlet | Found a transporter.
 23552 | Gauntlet | Found a large runed translucent door.
 23553 | Gauntlet | Found a large runed translucent door.
 23554 | Gauntlet | Found a large runed translucent door.
 23554 | Gauntlet | Found a large runed translucent door.
 23555 | Gauntlet | Found a runed translucent door.
 23556 | Gauntlet | Found a transporter.
 23557 | Gauntlet | Found a runed translucent door.
 23558 | Gauntlet | Found a large runed translucent door.
 23558 | Gauntlet | Found a large runed translucent door.
 23558 | Gauntlet | Found a transporter.
 23559 | Gauntlet | Found a large runed translucent door.
 23583 | Gauntlet | Found a transporter.
 23585 | Gauntlet | Found a transporter.
 23607 | Gauntlet | Found a transporter.
 23609 | Gauntlet | Found a transporter.
 23713 | Gauntlet | Found a transporter.
 23733 | Gauntlet | Found a large runed translucent door.
 23960 | Gauntlet | Reached skill level 16 in Axes
 24015 | Gauntlet | Got a dazzling cloak
 24034 | Gauntlet | Identified the cursed +0 cloak "Petenugu" {rPois rC+ Int-5}
                  | (You found it in a Gauntlet)
 24280 | D:13     | Noticed Snorg
 24298 | D:13     | Killed Snorg
 24473 | D:13     | Noticed Jorgrun
 24498 | D:13     | Killed Jorgrun
 25096 | D:13     | Reached skill level 17 in Axes
 25173 | D:13     | Found a gate to the Vaults.
 25463 | D:14     | Found Vaobiadu's General Store.
 25483 | D:14     | Identified the Grimoire of the Doomed Voyage
 26086 | D:14     | Noticed Nessos
 26092 | D:14     | Killed Nessos
 26107 | D:14     | Reached XP level 15. HP: 95/126 MP: 20/20
 26229 | D:15     | Entered Level 15 of the Dungeon
 26583 | D:15     | Reached skill level 18 in Axes
 26587 | D:15     | Reached skill level 10 in Fighting
 27078 | D:15     | Found a staircase to the Depths.
 27585 | D:9      | Lost mutation: Armour fits poorly on your strangely shaped
                  | body. [potion of mutation]
 27585 | D:9      | Gained mutation: You expend magic power (3 MP) to
                  | strengthen your wands. [potion of mutation]
 27585 | D:9      | Gained mutation: You are robust. (+10% HP) [potion of
                  | mutation]
 27695 | Spider:1 | Entered Level 1 of the Spider Nest
 28228 | Spider:1 | Identified Roxanne's Handbook of Earth
 28228 | Spider:1 | Noticed Roxanne
 28669 | Spider:2 | Noticed Aizul
 28683 | Spider:2 | Killed Aizul
 28838 | Spider:2 | Blown up by an orb spider

Levels and vault maps discovered:
D:1:      dpeg_arrival_snail, layout_rooms, ashenzari_altar_1
D:2:      layout_rooms, lemuel_doored_altar, minitemple, first_ration,
          uniq_robin
D:3:      layout_loops_cross, nicolae_dithmenos_through_a_glass_darkly,
          nicolae_overflow_hidden_temple, chequers_serial_rivers_small_3
D:4:      layout_loops_ring, tso_metal_star, serial_shops,
          nicolae_shop_statue_plus
D:5:      gammafunk_cloud_chamber, layout_loops_ring, portal_sewer_entry_d,
          uniq_menkaure
D:6:      layout_basic, uniq_edmund, uniq_blork_the_orc
D:7:      minmay_cornered_nines, layout_basic, kennysheep_mini_moat,
          minmay_temple_entry_proselytizer, uniq_pikel, uniq_duvessa
D:8:      gammafunk_jiyva_shrine, layout_gridville, kennysheep_little_box,
          erik_lair_island, enter_ossuary_5, hangedman_little_slice_of_home
D:9:      hangedman_cross_stitches, layout_basic,
          lemuel_mausoleum_altar_yredelemnul, uniq_psyche
D:10:     layout_irregular_city
D:11:     layout_small_grid, david_orc_4, uniq_josephine, uniq_urug
D:12:     layout_basic, grunt_decor_cap, guppyfry_shop_earth, uniq_frances,
          uniq_maurice
D:13:     layout_cave_pods, david_vaults_1, gauntlet_entry_generic,
          nicolae_underground_beach, uniq_snorg, uniq_jorgrun
D:14:     layout_big_octagon, serial_shops, nicolae_shop_statue_plus,
          serial_glass, glass_columns_b, glass_columns_a, glass_columns_b,
          glass_columns_b, glass_columns_a, glass_columns_c, amethyst_killhole,
          drop_trap, uniq_nessos
D:15:     gammafunk_enter_depths_forms, layout_small_grid,
          hangedman_decor_growths
Lair:1:   layout_gridlike
Lair:2:   layout_gridlike, serial_bayou_shore_b
Lair:3:   layout_chaotic_city, spider_nest_entry_webs
Lair:4:   layout_roguey, elwin_shoals_entry_stream,
          eino_small_chamber_without_monster, st_stairs_10,
          lemuel_another_geyser, lemuel_fruit_fields, grunt_megastairs_3,
          serial_bayou_shore_a
Lair:5:   layout_hall_layers, serial_bayou_pond_c, st_stairs_13
Lair:6:   minmay_lair_end_enchanted_forest, layout_cave_pods,
          minmay_slime_entry_oklob_enclosed, nicolae_quartered_pool_super,
          wad_woods_02
Spider:1: layout_spider_delve, guppyfry_spider_mini_2, uniq_roxanne
Spider:2: layout_spider_delve, nicolae_spider_cling_ruins, uniq_aizul
Orc:1:    layout_diamond_mine, serial_shops,
          nicolae_shop_competitors_out_of_business, basic_altar, uniq_nergalle
Orc:2:    grunt_orc_community_town_hall, layout_caves,
          grunt_orc_community_big_house_1, grunt_orc_community_big_house_1,
          grunt_orc_community_house_2, grunt_orc_community_house_2,
          grunt_orc_community_house_3, grunt_orc_community_house_3,
          grunt_orc_community_house_3, serial_shops, shop_scrolls

Skill      XL: |  1  2  3  4  5  6  7  8  9 10 11 12 13 14 15 |
---------------+----------------------------------------------+-----
Fighting       | 2 3 4 5 7 8 9 10 | 10.3
Short Blades   | 4 6 |  6.4
Armour         | 5 7 8 10 | 10.0
Axes           | 4 8 12 15 17 18 | 18.0
Dodging        | 5 7 |  7.2
Shields        | 6 7 9 |  9.3
Stealth        | |  0.8
Evocations     | |  2.6

Action                   |  1- 3 |  4- 6 |  7- 9 | 10-12 | 13-15 || total
-------------------------+-------+-------+-------+-------+-------++-------
Melee: Short sword       |   128 |    31 |       |       |       ||   159
       Dagger            |       |   216 |   540 |   726 |    29 ||  1511
       Battleaxe         |       |       |     6 |   393 |   200 ||   599
       War axe           |       |       |       |       |   429 ||   429
       Broad axe         |       |       |       |       |   756 ||   756
Throw: Throwing net      |       |       |     1 |       |       ||     1
       Javelin           |       |       |       |     4 |     9 ||    13
Evoke: Wand              |       |     8 |    14 |     4 |    11 ||    37
       Sack of spiders   |       |       |       |       |     1 ||     1
  Use: Potion            |       |     2 |       |     2 |     5 ||     9
       Scroll            |       |       |     7 |    20 |    16 ||    43
 Stab: Sleeping          |       |     4 |       |       |       ||     4
       Paralysed         |       |       |       |       |     2 ||     2
       Distracted        |       |       |       |       |     1 ||     1
       Confused          |       |       |       |       |     1 ||     1
  Eat: Chunk             |     1 |    12 |     9 |    24 |    28 ||    74
       Ration            |       |       |     2 |     1 |     4 ||     7
Armor: Leather armour    |    35 |    51 |    13 |       |       ||    99
       Chain mail        |       |       |   257 |   606 |   359 ||  1222
       Plate armour      |       |       |       |       |   410 ||   410
Dodge: Dodged            |    88 |   144 |   195 |   506 |   528 ||  1461
Block: Buckler           |       |       |       |       |   157 ||   157
       Shield            |       |       |       |       |   354 ||   354
       Reflection        |       |       |       |       |    18 ||    18
